 Dungeon Crawl Stone Soup version 0.32-a0-599-gba8f9cf90e (webtiles) character file.

Game seed: 10882910811863974054

193 snarfax the Chopper (level 5, -5/70 HPs)
             Began as a Mountain Dwarf Berserker on Mar 2, 2024.
             Was a Believer of Trog.
             Slain by Duvessa
             ... wielding a +4 rapier of speed
              (14 damage)
             ... on level 4 of the Dungeon.
             The game lasted 00:07:05 (2768 turns).

snarfax the Chopper (Mountain Dwarf Berserker)      Turns: 2768, Time: 00:07:06

Health: -5/70      AC: 11    Str: 22    XL:     5   Next: 44%
Magic:  5/5        EV: 10    Int:  7    God:    Trog [**....]
Gold:   228        SH:  0    Dex:  9    Spells: 4/4 levels left

rFire   . . .        a - +1 hand axe
rCold   . . .        b - orb {mayhem}
rNeg    . . .        d - +0 scale mail
rPois   .            i - +0 helmet
rElec   .            (no cloak)
rCorr   .            l - +0 pair of gloves
SInv    .            f - +1 pair of boots
Will    ++...        n - amulet of the acrobat Stlth
                     (no ring)
HPRegen 1.31/turn    (no ring)
MPRegen 0.09/turn

%: mayhem, acrobat
@: berserking, strong-willed, regenerating, very quick
A: runic magic, artefact enchanting
a: Renounce Religion, Berserk, Trog's Hand


You were on level 4 of the Dungeon.
You worshipped Trog.
Trog was pleased with you.
You visited 1 branch of the dungeon, and saw 4 of its levels.

You collected 228 gold pieces.

Inventory:

Hand Weapons
 a - a +1 hand axe (weapon)
Missiles
 h - a throwing net
 k - 10 poisoned darts (quivered)
Armour
 b - an orb of mayhem (worn)
 d - a +0 scale mail (worn)
 f - a +1 pair of boots (worn)
 i - a +0 helmet (worn)
 l - a +0 pair of gloves (worn)
Jewellery
 n - an amulet of the acrobat (around neck)
Wands
 m - a wand of charming (8)
Scrolls
 p - a scroll of silence {unknown}
Potions
 c - 2 potions of attraction
 e - a potion of cancellation
 g - a potion of ambrosia {unknown}
 j - 2 potions of might {unknown}
 o - a potion of enlightenment {unknown}


   Skills:
 + Level 4.4 Fighting
 * Level 5.9 Axes
 + Level 3.6 Armour
 - Level 1.3 Dodging


You had 4 spell levels left.
You didn't know any spells.
Your spell library was empty.

Dungeon Overview and Level Annotations

Branches:
Dungeon (4/15)
 Temple: D:4-7

Altars:

Annotations:
D:4 Duvessa


Innate Abilities, Weirdness & Mutations

Your spellcasting is much less encumbered by armour.
You can use scrolls of enchantment on lesser artefacts.


Message History

Your skin crawls.
You feel strong-willed.
Duvessa hits you with a +4 rapier of speed!
Duvessa says, "I don't care about looks, I care about technique!"
Duvessa hits you with a +4 rapier of speed.
A red film seems to cover your vision as you go berserk!
You feel yourself moving faster!
You feel mighty!
Duvessa hits you with a +4 rapier of speed!
Duvessa closely misses you.
Dowan says, "Magic and the sword, together, will defeat you."
You barely miss Duvessa. You closely miss the giant cockroach. You slash Dowan!
Duvessa hits you with a +4 rapier of speed. x2
* * * LOW HITPOINT WARNING * * *
You slash Duvessa!
Duvessa is moderately wounded.
You closely miss the giant cockroach. You closely miss Dowan.
Duvessa gestures with her weapon.
Duvessa misses you. The giant cockroach closely misses you.
Dowan closely misses you. Duvessa hits you but does no damage.
You hit Duvessa.
Duvessa is moderately wounded.
You closely miss the giant cockroach. You slash Dowan!
The giant cockroach bites you but does no damage.
Duvessa hits you but does no damage. Dowan closely misses you.
You hit Duvessa.
Duvessa is moderately wounded.
You hit Dowan.
You kill Dowan!
Trog accepts your kill.
Trog appreciates your killing of a magic user.
Duvessa screams in rage.
Duvessa goes berserk!
You closely miss the giant cockroach.
Duvessa hits you with a +4 rapier of speed!
* * * LOW HITPOINT WARNING * * *
The giant cockroach closely misses you.
You slash Duvessa!
Duvessa is heavily wounded.
You hit the giant cockroach.
Duvessa hits you with a +4 rapier of speed!
You die...

... ............#..
......#.$ ..........###.
........# #........##.
#........ ##.......#..
#.......#####...........
......................<.
........................
..........$.#..##.......
......)@....##.#........
##...#)eB...#..........#
#.. #......##.#.....###
. ........#.$....#...
.....................
.....##.........##.
....$ #..####.. .....
#... ##


You could see Duvessa (berserk, fast) and a giant cockroach.

Vanquished Creatures
  Dowan (D:4)
  Ijyb (D:3)
  4 adders
  A dart slug (D:1)
  7 orcs
  2 endoplasms
  2 giant cockroaches
  11 goblins
  5 hobgoblins
  5 jackals (D:2)
  7 kobolds
  3 quokkas
  5 bats
  2 frilled lizards
  4 rats
60 creatures vanquished.

Vanquished Creatures (collateral kills)
  An orc (D:3)
  6 goblins (D:3)
  2 hobgoblins (D:3)
  A quokka (D:3)
10 creatures vanquished.

Vanquished Creatures (others)
  Robin (D:3)
  An orc (D:3)
  A goblin (D:3)
3 creatures vanquished.

Grand Total: 73 creatures vanquished

Notes
Turn   | Place    | Note
-------+----------+-------------------------------------------
     0 | D:1      | snarfax the Mountain Dwarf Berserker began the quest for
                  | the Orb.
     0 | D:1      | Reached XP level 1. HP: 19/19 MP: 1/1
    93 | D:1      | Reached skill level 4 in Axes
   118 | D:1      | Reached XP level 2. HP: 16/26 MP: 2/2
   543 | D:2      | Identified the +5 spear of Wirotoyf {heavy, rPois Dex+4}
   640 | D:2      | Reached XP level 3. HP: 31/33 MP: 3/3
  1714 | D:3      | Reached XP level 4. HP: 40/40 MP: 4/4
  1730 | D:3      | Reached ** piety under Trog
  1732 | D:3      | Reached skill level 5 in Axes
  2146 | D:3      | Noticed Robin
  2161 | D:3      | Killed Robin
  2366 | D:3      | Noticed Ijyb
  2382 | D:3      | Killed Ijyb
  2383 | D:3      | Reached XP level 5. HP: 13/46 MP: 5/5
  2723 | D:4      | Identified the +0 robe of Zin's Envy {Int+6}
  2757 | D:4      | Noticed Duvessa
  2757 | D:4      | Noticed Dowan
  2767 | D:4      | Killed Dowan
  2768 | D:4      | Slain by Duvessa

Illustrated notes

Levels and vault maps discovered:
D:1:      tarquinn_simple_flora_water_d, layout_rooms
D:2:      minmay_chambers_of_ones, layout_basic, minmay_misc_feat_encased,
          kennysheep_generic_room_12
D:3:      layout_loops_cross, uniq_ijyb, uniq_robin
D:4:      layout_cave_pools, uniq_duvessa

Skill      XL: |  1  2  3  4 |
---------------+-------------+-----
Axes           | 4 5 |  5.9
Armour         | 3 |  3.6
Fighting       | 4 |  4.4
Dodging        | |  1.3

Action                     |  1- 3 |  4- 6 || total
---------------------------+-------+-------++-------
  Melee: Hand axe          |   131 |    86 ||   217
  Throw: Dart              |       |     4 ||     4
 Invoke: Berserk           |       |     3 ||     3
         Trog's Hand       |       |     1 ||     1
    Use: Scroll            |     3 |     3 ||     6
 Armour: Animal skin       |    22 |       ||    22
         Scale mail        |    85 |    70 ||   155
  Dodge: Dodged            |    78 |    42 ||   120

Table legend: (Time is in decaauts)
 A = Elapsed time spent in this place.
 B = Non-inter-level travel time spent in this place.
 C = Inter-level travel time spent in this place.
 D = Time resting spent in this place.
 E = Time spent auto-exploring this place.
 F = Levels seen in this place.
 G = Mean time per level.
                   A        B        C        D        E       F      G
               +--------+--------+--------+--------+--------+-----+--------+
         Total |   2797 |   2747 |     50 |    136 |   2019 |   4 |  699.2 |
       Dungeon |   2797 |   2747 |     50 |    136 |   2019 |   4 |  699.2 |
               +--------+--------+--------+--------+--------+-----+--------+

Top non-repeatable levels by time:
     D:2: 1262 daAuts
     D:3: 1022 daAuts
     D:1: 423 daAuts
     D:4: 88 daAuts
